Map: Frost LE

Players

PocariSweat

  • Race: Terran Terran
  • League: Gold

Nickos - Winner!

  • Race: Terran Terran
  • League: Gold

VOD

Have the link to the VOD?

Description

Time

  • Played on: Oct. 1, 2016, 6:39 a.m.
  • Length: 11:31
Show
View Real Time Build Order
Export as new Build Order

PocariSweat Terran 

Build Orders: MMM Bio 

Get SALT Encoding   

  12  0:01  SCV  
  13  0:13  SCV  
  14  0:17  Supply Depot  
  14  0:25  SCV  
  15  0:39  SCV  
  15  0:41  Barracks  
  16  0:48  Refinery  
  16  0:51  SCV  
  16  0:56  Supply Depot  
  17  1:03  SCV  
  18  1:19  SCV  
  19  1:31  Orbital Command  
  19  1:32  Reaper  
  20  2:00  SCV  
  21  2:11  Command Center  
  21  2:14  SCV  
  22  2:16  Marine, Factory  
  22  2:21  Refinery  
  23  2:26  SCV  
  24  2:34  Marine  
  25  2:38  SCV  
  26  2:52  Marine  
  26  2:57  SCV  
  28  3:09  SCV  
  28  3:11  Widow Mine, Starport  
  31  3:18  Bunker  
  31  3:23  Marine  
  31  3:26  Orbital Command  
  32  3:28  SCV  
  33  3:40  Widow Mine  
  35  3:43  Barracks Reactor, SCV  
  36  3:57  SCV x2  
  36  4:02  Viking  
  39  4:07  Supply Depot  
  39  4:09  Widow Mine, SCV  
  42  4:13  Barracks  
  42  4:14  SCV  
  42  4:15  Barracks  
  43  4:27  SCV x2  
  43  4:29  Marine x2  
  47  4:36  Starport Tech Lab  
  47  4:37  Widow Mine  
  49  4:40  SCV x2  
  51  4:48  Refinery  
  51  4:54  SCV x2  
  51  4:56  Marine  
  54  5:00  Supply Depot  
  54  5:03  Supply Depot  
  54  5:04  Supply Depot  
  54  5:17  Barracks Tech Lab x2  
  54  5:21  SCV x2, Raven, Marine  
  59  5:35  Engineering Bay  
  59  5:38  Supply Depot, SCV x2  
  59  5:39  Engineering Bay  
  59  5:40  Marine x2  
  59  5:41  Combat Shields, Marine x2  
  59  5:42  Stimpack  
  65  5:50  SCV x2  
  67  6:00  Supply Depot  
  67  6:02  SCV x2  
  67  6:03  Marine x3  
  67  6:04  Marine  
  72  6:08  Terran Infantry Weapons Level 1, Terran Infantry Armor Level 1, Supply Depot  
  73  6:17  SCV x2  
  75  6:20  Starport Reactor  
  75  6:21  Refinery  
  75  6:23  Supply Depot  
  75  6:24  Missile Turret  
  75  6:26  Missile Turret  
  75  6:28  Marine x3  
  75  6:29  Missile Turret, Marine  
  75  6:30  Siege Tank  
  82  6:34  SCV x2  
  84  6:41  Supply Depot  
  84  6:46  Marine, Supply Depot, SCV x2  
  84  6:47  Marine x2  
  86  6:48  Marine  
  86  6:53  Armory  
  90  7:00  SCV  
  90  7:01  Medivac x2, SCV  
  94  7:02  Siege Tank  
  94  7:04  Marine x2  
  94  7:05  Marine  
  94  7:06  Marine  
  103  7:13  SCV x2  
  105  7:18  Supply Depot  
  105  7:19  Supply Depot  
  105  7:22  Marine x3  
  106  7:24  Marine  
  106  7:25  SCV x2  
  111  7:43  SCV x2  
  113  7:54  Command Center  
  113  7:55  Barracks  
  113  7:56  Barracks  
  113  8:13  Terran Infantry Weapons Level 2  
  113  8:14  Terran Infantry Armor Level 2  
  113  8:16  Terran Vehicle And Ship Armor Level 1, Barracks Reactor  
  113  8:23  Starport, SCV x2  
  113  8:24  Barracks Reactor  
  113  8:25  Factory  
  115  8:28  Siege Tank  
  115  8:29  Medivac x2  
  122  8:35  SCV x2  
  89  9:01  Marine x3  
  89  9:02  Marine x2  
  92  9:03  Barracks Reactor x2, Marine  
  92  9:07  Orbital Command  
  94  9:16  SCV x2  
  96  9:19  Siege Tank x2, Marine x3  
  96  9:20  Marine  
  96  9:21  Medivac x2  
  110  9:35  SCV x2  
  112  9:39  Marine  
  112  9:40  Marine x5  
  112  9:41  Marine x2  
  112  9:43  Refinery  
  122  9:45  Refinery  
  122  9:49  Supply Depot  
  122  9:53  Siege Tank  
  66  10:25  Siege Tank  
  65  10:29  Marine x3  
  65  10:32  Marine  
  65  10:33  Marine x4  
  69  10:52  Marine  
  69  10:53  Marine x5  
  69  10:54  Marine x2  
Show
View Real Time Build Order
Export as new Build Order

Nickos Terran - Winner!

Build Orders: Reaper Expand, MMM Bio 

Get SALT Encoding   

  12  0:01  SCV  
  13  0:13  SCV  
  14  0:17  Supply Depot  
  14  0:25  SCV  
  15  0:39  SCV  
  15  0:40  Barracks  
  16  0:51  SCV  
  16  0:54  Refinery  
  17  1:03  SCV  
  18  1:19  SCV  
  19  1:37  Orbital Command  
  19  1:39  Reaper  
  20  1:43  Command Center  
  19  2:11  SCV  
  19  2:23  SCV  
  19  2:28  Barracks  
  19  2:29  Barracks Reactor  
  20  2:31  Supply Depot  
  20  2:36  SCV  
  20  3:01  Refinery, SCV  
  20  3:02  Factory  
  21  3:06  Orbital Command  
  21  3:09  Marine  
  21  3:10  Marine  
  23  3:14  SCV  
  24  3:22  Barracks Tech Lab  
  24  3:26  SCV  
  25  3:29  Marine x2  
  27  3:38  SCV  
  27  3:39  Supply Depot, SCV  
  29  3:47  Stimpack  
  29  3:50  Starport, SCV  
  30  3:57  SCV  
  30  4:00  Factory Reactor  
  31  4:03  Supply Depot  
  31  4:05  SCV  
  31  4:09  SCV  
  33  4:18  SCV  
  33  4:22  SCV, Marine x3  
  38  4:26  Supply Depot  
  38  4:30  SCV  
  39  4:34  SCV  
  40  4:39  Engineering Bay, Marine  
  40  4:41  Marine x2  
  40  4:42  SCV  
  44  4:48  Factory Tech Lab  
  44  4:49  SCV  
  44  4:50  Medivac  
  47  4:54  SCV  
  47  4:57  Marine  
  49  5:01  SCV, Marine x2  
  49  5:06  SCV  
  53  5:13  Siege Tank  
  53  5:14  SCV  
  56  5:15  Marine  
  56  5:18  SCV  
  56  5:19  Marine x2  
  60  5:22  Engineering Bay  
  60  5:31  Refinery  
  60  5:32  Command Center  
  60  5:33  Supply Depot, Marine  
  62  5:35  SCV x2  
  62  5:39  Marine x2  
  65  5:47  SCV  
  65  5:48  Combat Shields  
  66  5:51  Marine  
  67  5:59  SCV  
  67  6:00  SCV  
  69  6:06  Marine x2  
  69  6:07  Medivac  
  69  6:08  Marine  
  74  6:11  SCV  
  74  6:12  Supply Depot  
  74  6:16  SCV  
  74  6:17  Supply Depot  
  74  6:18  Terran Infantry Weapons Level 1  
  76  6:23  SCV  
  77  6:26  Refinery  
  77  6:28  SCV  
  78  6:36  Marine, SCV  
  78  6:37  Marine x2  
  82  6:44  Barracks x2  
  82  6:45  SCV  
  82  6:46  Orbital Command  
  83  6:47  Barracks x2  
  83  6:48  Barracks  
  83  6:49  Medivac  
  83  6:50  Medivac  
  87  6:54  Supply Depot, Marine  
  87  7:00  Supply Depot  
  88  7:02  Terran Infantry Armor Level 1  
  88  7:12  Marine  
  88  7:13  Marauder  
  91  7:22  Missile Turret  
  91  7:25  Missile Turret  
  91  7:26  Medivac, Missile Turret  
  91  7:29  Marine  
  94  7:30  Marine  
  94  7:34  Supply Depot, Marauder  
  94  7:36  Supply Depot  
  94  7:37  Barracks Reactor x2  
  97  7:39  Marine x2  
  97  7:40  Marine  
  100  7:47  Marine  
  100  7:49  SCV x3  
  104  7:52  Missile Turret  
  104  7:56  Marine x2  
  104  7:57  Marine x2  
  107  8:10  Marine x2  
  107  8:12  SCV x2  
  111  8:13  SCV  
  111  8:14  Marine x2  
  111  8:15  Marine x2  
  111  8:16  Armory, Marine x2  
  111  8:17  Marine x2  
  120  8:22  Missile Turret  
  120  8:28  Marine x2  
  120  8:29  Concussive Shells  
  120  8:31  Marine  
  120  8:32  Marine x2  
  120  8:33  Marine  
  125  8:34  Marine x3  
  125  8:37  SCV x2  
  104  8:54  Marine  
  104  8:55  Marine x6  
  99  8:56  Marine x3  
  105  9:12  Marine x2  
  105  9:13  Marine x6  
  105  9:14  Marine  
  114  9:19  Marauder  
  114  9:20  Medivac x2  
  114  9:23  Barracks  
  120  9:30  Command Center  
  120  9:35  Marine x3  
  120  9:36  Marine x6  
  129  9:40  Marine  
  129  9:42  SCV x3  
  133  9:49  Medivac  
  133  9:50  Medivac  
  136  10:05  Marine x3  
  136  10:06  Marine x4  
  136  10:07  Marine x2  
  124  10:20  Marine x2  
  118  10:23  Marine x4  
  118  10:24  Marine x4  
  118  10:25  Marine  
  121  10:37  Marine  
  121  10:38  Marine  
  121  10:41  Marine x5  
  121  10:42  Marine x4  
  132  10:55  Marine x2  
  131  10:58  Marine  
  131  10:59  Marine x4  
  131  11:00  Marine x4  
  144  11:04  Orbital Command  
  144  11:05  Supply Depot  
  144  11:06  SCV  
  144  11:07  SCV x2  
Tags
 
Composition
MMM BioMMM Bio
League
GoldGold
Matchup
TvT
Race
Terran
Replay Pack
Nickos replay
Add a new tag
Caveats
  • Supply blocks, unpowered buildings, or Contaminate may cause inaccurate times.
  • Supply counts are checked every 10 seconds.